 Dungeon Crawl Stone Soup version 0.27-a0-328-g7f782ed93a (webtiles) character file.

Game seed: 2036281376782465347

11 CurlyBrace the Caller (level 2, -1/12 HPs)
             Began as a Felid Summoner on Feb 11, 2021.
             Slain by a worker ant (6 damage)
             ... on level 4 of the Dungeon.
             The game lasted 00:02:34 (302 turns).

CurlyBrace the Caller (Felid Summoner)               Turns: 302, Time: 00:02:35

Health: -1/12      AC:  1    Str:  1 (4)  XL:     2   Next: 13%
Magic:  6/6        EV: 17    Int: 15 (16) God:
Gold:   11         SH:  0    Dex: 14 (16) Spells: 4/5 levels left
                                        Lives:  0   Deaths: 0

rFire    . . .     SeeInvis +   (weapon unavailable)
rCold    . . .     Faith    .   (shield unavailable)
rNeg     . . .     Spirit   .   (armour unavailable)
rPois    .         Reflect  .   (helmet unavailable)
rElec    .         Harm     .   (cloak unavailable)
rCorr    .         Rampage  .   (gloves unavailable)
Will     +....                  (boots unavailable)
Stlth    +++.......             (no amulet)
HPRegen  0.04/turn              a - ring of wizardry
MPRegen  0.10/turn              e - ring of willpower

@: quick
A: very small, no armour, no weapons or thrown items, stealth, claws 1, fangs 3,
see invisible, speed 1, shaggy fur 1, sharp paws
a: no special abilities


You were on level 4 of the Dungeon.
You visited 1 branch of the dungeon, and saw 5 of its levels.

You collected 11 gold pieces.

Inventory:

Jewellery
 a - a ring of wizardry (left paw)
   (You found it on level 1 of the Dungeon)
 b - a ring of ice
   (You found it on level 2 of the Dungeon)
 e - a ring of willpower (right paw)
   (You found it on level 3 of the Dungeon)
Wands
 f - a wand of polymorph (9)
   (You found it on level 4 of the Dungeon)
Scrolls
 c - a scroll of noise
Potions
 d - a potion of flight


   Skills:
 * Level 0.9 Fighting
 + Level 2.9 Dodging
 - Level 3.0 Stealth
 * Level 0.8 Unarmed Combat
 - Level 2.0 Spellcasting
 - Level 4.0 Summonings


You had 4 spell levels left.
You knew the following spells:

 Your Spells              Type           Power        Failure   Level
a - Summon Small Mammal   Summ           52%          1%          1

Your spell library contained the following spells:

 Spells                   Type           Power        Failure   Level
 Call Imp                 Summ           13%          2%          2
 Call Canine Familiar     Summ           13%          5%          3
 Summon Guardian Golem    Hex/Summ       7%           12%         3
 Summon Ice Beast         Ice/Summ       7%           34%         4
 Summon Lightning Spire   Summ/Air       7%           34%         4


Dungeon Overview and Level Annotations

Branches:
Dungeon (5/15)
 Temple: D:4-7

Altars:

Annotations:
D:5 Dowan, Duvessa


Innate Abilities, Weirdness & Mutations

You cannot wear armour.
You are incapable of wielding weapons or throwing items.
Your paws allow you to move quietly. (Stealth)
You have sharp claws.
You have razor-sharp teeth.
You have supernaturally acute eyesight. (SInv)
You cover ground quickly.
You are covered in fur. (AC +1)
Your sharp claws are effective at attacking unaware monsters.


Message History

Your quokka disappears in a puff of smoke!
A giant cockroach comes into view.
There is a stone staircase leading down here.
You climb downwards.
A centaur, Duvessa and Dowan come into view.
Duvessa shouts!
The centaur shouts!
Something shouts, "Back with thee, thou venomed shard-borne mammet!"
Found 17 gold pieces.
There is a stone staircase leading up here.
The centaur wields a +0 shortbow.
The centaur shoots an arrow.
The arrow misses you.
You climb upwards.
The howler monkey skeleton barely misses you.
The howler monkey skeleton completely misses you.
There is a stone staircase leading down here.
The howler monkey skeleton misses you.
You see here a leather armour.
A worker ant comes into view.
Found 23 arrows.
You enter the shallow water.
Moving in this stuff is going to be slow.
You enter the shallow water.
Moving in this stuff is going to be slow.
You open the door. The worker ant misses you.
There is an open door here.
You see here a ring mail.
Found a sapphire potion.
Found a stone staircase leading up.
Found a whip.
There is a stone staircase leading up here.
Found a flail and a weird jewelled staff.
You see here a sapphire potion.
It was a potion of degeneration.
There was something very wrong with that liquid.
You feel weakened.
You feel dopey.
You feel clumsy.
A howler monkey skeleton comes into view.
Found a potion of heal wounds.
Found an escape hatch in the ceiling.
The worker ant bites you.
Ouch! That really hurt!
You die...

#'#
#.#......##.).....#.#.###≈
#..
#.#.#######.......#.....
#..# #.#.#
+............≈≈. +..#
#.#.### #........##....≈
..)# #.#..<# #........#
....# ...# #####
#..##....# ##+## ...#
##..........#
########B.≈≈......)#
.....<.@..≈.≈.....|#
#######≈≈≈≈≈≈≈.....#
#.#..Z.......#
#........... #..≈≈≈.!....
..≈.....### .≈≈...###
##.....#


You could see a worker ant and a howler monkey skeleton.

Vanquished Creatures
  2 bats
  A hobgoblin (D:2)
3 creatures vanquished.

Vanquished Creatures (collateral kills)
  An adder (D:3)
  An orc (D:4)
2 creatures vanquished.

Grand Total: 5 creatures vanquished

Notes
Turn   | Place    | Note
-------+----------+-------------------------------------------
     0 | D:1      | CurlyBrace the Felid Summoner began the quest for the Orb.
     0 | D:1      | Reached XP level 1. HP: 7/7 MP: 4/4
   151 | D:3      | Reached XP level 2. HP: 12/12 MP: 1/6
   247 | D:5      | Entered Level 5 of the Dungeon
   247 | D:5      | Noticed Duvessa
   247 | D:5      | Noticed Dowan
   247 | D:5      | Noticed a centaur
   302 | D:4      | Slain by a worker ant

Illustrated notes

Levels and vault maps discovered:
D:1:      heliophobic_arrival_henge, layout_loops_ring, kennysheep_boxes
D:2:      layout_basic, nicolae_overflow_hidden_temple, serial_forest,
          infiniplex_forest_clump_curved, infiniplex_forest_end_2,
          infiniplex_forest_lined_2, infiniplex_forest_lined_room_,
          infiniplex_forest_clump_small, infiniplex_forest_straight_3,
          infiniplex_forest_3_way, infiniplex_forest_clump_large, uniq_natasha,
          uniq_crazy_yiuf_cottage
D:3:      layout_loops_ring, fedhas_altar_3,
          chequers_temple_overflow_statue_of_worship, elyvilon_altar_1,
          uniq_ijyb
D:4:      layout_basic, serial_rivers, chequers_serial_rivers_small_a,
          chequers_serial_rivers_micro_c, chequers_serial_rivers_room_a,
          chequers_serial_rivers_micro_e, chequers_serial_rivers_small_b,
          chequers_serial_rivers_marsh
D:5:      layout_rooms, tgw_sif, serial_curves, eino_curves_03, eino_curves_02,
          vehumet_altar_wand_db, uniq_duvessa

Skill      XL: |  1  2 |
---------------+-------+-----
Stealth        | 3 |  3.0
Fighting       | |  0.9
Dodging        | |  2.9
Unarmed Combat | |  0.8
Spellcasting   | |  2.0
Summonings     | |  4.0

Action                   || total
-------------------------++-------
Melee: Unarmed           ||    13
       Bite              ||     3
 Cast: Summon Small Mamm ||     4
  Use: Scroll            ||     3
       Potion            ||     3
 Stab: Sleeping          ||     2
Dodge: Dodged            ||    15

Table legend: (Time is in decaauts)
 A = Elapsed time spent in this place.
 B = Non-inter-level travel time spent in this place.
 C = Inter-level travel time spent in this place.
 D = Time resting spent in this place.
 E = Time spent auto-exploring this place.
 F = Levels seen in this place.
 G = Mean time per level.
                   A        B        C        D        E       F      G
               +--------+--------+--------+--------+--------+-----+--------+
         Total |    254 |    254 |      0 |      0 |      0 |   5 |   50.8 |
       Dungeon |    254 |    254 |      0 |      0 |      0 |   5 |   50.8 |
               +--------+--------+--------+--------+--------+-----+--------+

Top non-repeatable levels by time:
     D:4: 103 daAuts
     D:2: 57 daAuts
     D:3: 56 daAuts
     D:1: 35 daAuts
     D:5: 1 daAuts
